 Dungeon Crawl Stone Soup version 0.26-a0-572-g753d7e3450 (webtiles) character file.

Game seed: 7079005716554262355

63 Descartes the Sneak (level 3, -2/16 HPs)
             Began as a Felid Warper on Aug 18, 2020.
             Slain by an orc
             ... wielding a +0 hand axe
              (7 damage)
             ... on level 3 of the Dungeon on Aug 21, 2020.
             The game lasted 00:06:47 (2953 turns).

Descartes the Sneak (Felid Warper)                  Turns: 2953, Time: 00:06:48

Health: -2/16      AC:  1    Str:  8    XL:     3   Next: 87%
Magic:  7/7        EV: 19    Int: 14    God:
Gold:   128        SH:  0    Dex: 15    Spells: 1/6 levels left
                                        Lives:  0   Deaths: 1

rFire    . . .     SeeInvis +     - Unarmed
rCold    . . .     Faith    .   (shield unavailable)
rNeg     . . .     Spirit   .   (armour unavailable)
rPois    .         Reflect  .   (helmet unavailable)
rElec    .         Harm     .   (cloak unavailable)
rCorr    .                      (gloves unavailable)
MR       .....                  (boots unavailable)
Stlth    +++.......             (no amulet)
HPRegen  0.05/turn              (no ring)
MPRegen  0.10/turn              (no ring)

@: quick
A: very small, no armour, no weapons or thrown items, stealth, claws 1, fangs 3,
see invisible, speed 1, shaggy fur 1, sharp paws
a: no special abilities


You were on level 3 of the Dungeon.
You visited 1 branch of the dungeon, and saw 3 of its levels.

You collected 128 gold pieces.

Inventory:

Missiles
 c - 77 stones
Scrolls
 b - 3 scrolls of blinking
 f - a scroll of remove curse
 i - 3 scrolls of identify
 j - a scroll of noise {unknown}
Potions
 d - a potion of cancellation
 e - a potion of brilliance
 h - a potion of haste


   Skills:
 - Level 2.0 Fighting
 + Level 4.3 Dodging
 * Level 4.5 Stealth
 + Level 3.0 Unarmed Combat
 - Level 2.0 Spellcasting
 - Level 4.4 Translocations


You had one spell level left.
You knew the following spells:

 Your Spells              Type           Power        Failure   Level
a - Blink                 Tloc           N/A          6%          2
b - Teleport Other        Tloc           ##......     12%         3

Your spell library contained the following spells:

 Spells                   Type           Power        Failure   Level
 Gell's Gravitas          Tloc           ##........   12%         3
 Lesser Beckoning         Tloc           ##........   12%         3
 Passage of Golubria      Tloc           N/A          36%         4


Dungeon Overview and Level Annotations

Branches:
Dungeon (3/15)

Altars:


Innate Abilities, Weirdness & Mutations

You cannot wear armour.
You are incapable of wielding weapons or throwing items.
Your paws allow you to move quietly. (Stealth)
You have sharp claws.
You have razor-sharp teeth.
You have supernaturally acute eyesight. (SInv)
You cover ground quickly.
You are covered in fur. (AC +1)
Your sharp claws are effective at attacking unaware monsters.


Message History

You scratch the orc.
You kill the orc!
Your Unarmed Combat skill increases to level 3!
You scratch the orc but do no damage. The orc closely misses you.
You scratch the orc but do no damage. The orc hits you with a +0 hand axe.
You scratch the orc.
The orc is lightly wounded.
The orc hits you but does no damage.
You scratch the orc but do no damage.
The orc is lightly wounded.
You scratch the orc but do no damage.
The orc is lightly wounded.
The orc misses you.
You barely miss the orc.
The orc is lightly wounded.
The orc misses you.
You scratch the orc but do no damage.
The orc is lightly wounded.
The orc hits you with a +0 hand axe!
You die...

##.####.##### #........
#...........# #.####.##
#..[..#.###.# #.#
##..##.#.###.###.#
+................## #
##............รท...###..
#).########.##........
#..
#..######g.....(....##
#b. #.....)@oo..##..###.#
#.# ##.######.###wg.# #
#.# #.# #.# #.#.# #.# #
#.# #.###.#)# #.#
.#.######..........$# #.#
....................#
#.###
##.#...........#.##.#
#...#####....#.####.###.#
.. ###.............# #.#
.#


You could see 2 orcs and a goblin.

Vanquished Creatures
  Ijyb (D:3)
  3 adders (D:2)
  An ooze (D:1)
  A worm (D:2)
  2 dart slugs
  3 orcs (D:3)
  3 giant cockroaches
  7 goblins
  5 hobgoblins
  A quokka (D:3)
  A ball python (D:3)
  11 bats
  8 frilled lizards
  6 kobolds
  8 rats
61 creatures vanquished.

Notes
Turn   | Place    | Note
-------+----------+-------------------------------------------
     0 | D:1      | Descartes the Felid Warper began the quest for the Orb.
     0 | D:1      | Reached XP level 1. HP: 9/9 MP: 4/4
    15 | D:1      | Reached skill level 1 in Stealth
   197 | D:1      | Reached XP level 2. HP: 13/13 MP: 6/6
   286 | D:1      | Learned a level 2 spell: Blink
   286 | D:1      | Upgraded the game from 0.26-a0-542-gbaa144ba5c to
                  | 0.26-a0-546-g3c2127501a
  1610 | D:2      | Reached XP level 3. HP: 11/16 MP: 7/7
  2052 | D:2      | Upgraded the game from 0.26-a0-546-g3c2127501a to
                  | 0.26-a0-572-g753d7e3450
  2281 | D:2      | Reached XP level 4. HP: 19/19 MP: 8/8
  2286 | D:2      | Learned a level 3 spell: Teleport Other
  2664 | D:3      | Noticed Ijyb
  2692 | D:3      | Killed Ijyb
  2704 | D:3      | Slain by an adder
  2705 | D:3      | Reached XP level 3. HP: 0/16 MP: 2/7
  2953 | D:3      | Slain by an orc

Illustrated notes

Levels and vault maps discovered:
D:1:      dpeg_chamrin_arrival_tetris, layout_loops_corners, minmay_pentomino_s4
D:2:      layout_basic
D:3:      layout_loops_ring, ashenzari_conservatory_becter,
          minmay_increasing_density, uniq_robin, uniq_ijyb, uniq_jessica

Skill      XL: |  1  2  3  4 |
---------------+-------------+-----
Stealth        | 1 2 3 4 |  4.5
Dodging        | 4 |  4.3
Unarmed Combat | 3 |  3.0
Fighting       | |  2.0
Spellcasting   | |  2.0
Translocations | |  4.4

Action                   |  1- 3 |  4- 6 || total
-------------------------+-------+-------++-------
Melee: Unarmed           |   170 |    73 ||   243
       Bite              |    10 |     7 ||    17
       Punch             |     1 |       ||     1
 Cast: Blink             |       |     3 ||     3
  Use: Scroll            |     9 |       ||     9
 Stab: Sleeping          |    16 |     1 ||    17
Armor: Skin              |     9 |     5 ||    14
Dodge: Dodged            |   133 |    78 ||   211

Table legend: (Time is in decaauts)
 A = Elapsed time spent in this place.
 B = Non-inter-level travel time spent in this place.
 C = Inter-level travel time spent in this place.
 D = Time resting spent in this place.
 E = Time spent auto-exploring this place.
 F = Levels seen in this place.
 G = Mean time per level.
                   A        B        C        D        E       F      G
               +--------+--------+--------+--------+--------+-----+--------+
         Total |   2621 |   2609 |     12 |      2 |   2074 |   3 |  873.7 |
       Dungeon |   2621 |   2609 |     12 |      2 |   2074 |   3 |  873.7 |
               +--------+--------+--------+--------+--------+-----+--------+

Top non-repeatable levels by time:
     D:1: 1294 daAuts
     D:2: 740 daAuts
     D:3: 587 daAuts
